 Dungeon Crawl Stone Soup version 0.31.0-9-g3a7656b989 (webtiles) character file.

Game seed: 721869642297740271

96208 ExZ the Warrior (level 16, 0/155 HPs)
             Began as a Hill Orc Fighter on Jan 27, 2024.
             Was the Champion of Okawaru.
             Slain by a shock serpent (11 damage)
             ... on level 2 of the Snake Pit.
             The game lasted 00:27:47 (20539 turns).

ExZ the Warrior (Hill Orc Fighter)                 Turns: 20539, Time: 00:27:48

Health: 0/155      AC: 25    Str: 34    XL:     16   Next: 16%
Magic:  0/16       EV:  8    Int: 13    God:    Okawaru [******]
Gold:   1508       SH: 14    Dex: 14    Spells: 15/15 levels left

rFire   + + +        N - +7 broad axe (flame)
rCold   . . .        A - +0 kite shield
rNeg    + . .        P - +1 plate armour of the Big Bang {^Contam Int+5 Dex+4}
rPois   +            s - +0 helmet
rElec   .            u - +0 cloak
rCorr   .            H - +0 pair of gloves
SInv    .            v - +0 pair of boots
Will    +....        m - amulet "Waf Vemm" {Spirit Regen+ Str+7 Stlth+} Stlth
                     C - ring of Buukk {^Drain rF+++ rN+}
HPRegen 1.25/turn    I - ring of poison resistance
MPRegen 0.15/turn

%: guardian spirit
@: slowed, studying 2 skills, very slow
A: no striking features
a: Renounce Religion, Heroism, Finesse, Duel, Receive Weapon, Receive Armour


You were on level 2 of the Snake Pit.
You worshipped Okawaru.
Okawaru was exalted by your worship.
You visited 3 branches of the dungeon, and saw 21 of its levels.

You collected 1508 gold pieces.

Inventory:

Hand Weapons
 N - a +7 broad axe of flaming (weapon)
Armour
 s - a +0 helmet (worn)
 u - a +0 cloak (worn)
 v - a +0 pair of boots (worn)
 A - a +0 kite shield (worn)
 H - a +0 pair of gloves (worn)
 P - the +1 plate armour of the Big Bang (worn) {^Contam Int+5 Dex+4}
   (You found it on level 4 of the Lair of Beasts)

   Int+5:     It affects your intelligence (+5).
   Dex+4:     It affects your dexterity (+4).
   ^Contam:   It causes magical contamination when unequipped.
Jewellery
 m - the amulet "Waf Vemm" (around neck) {Spirit Regen+ Str+7 Stlth+}
   (You acquired it on level 9 of the Dungeon)

   [amulet of guardian spirit]

   Spirit:    It causes incoming damage to be divided between your reserves of
   health and magic.
   Str+7:     It affects your strength (+7).
   Regen+:    It increases your rate of health regeneration.
   Stlth+:    It makes you more stealthy.
 x - a +4 ring of slaying
 C - the ring of Buukk (left hand) {^Drain rF+++ rN+}
   (You found it on level 8 of the Dungeon)

   [ring of positive energy]

   rF+++:     It renders you almost immune to fire.
   rN+:       It protects you from negative energy.
   ^Drain:    It drains your maximum health when unequipped.
 I - a ring of poison resistance (right hand)
 Q - a +4 ring of protection
Wands
 o - a wand of polymorph (10)
 p - a wand of digging (1)
 y - a wand of mindburst (25)
 E - a wand of iceblast (14)
 K - a wand of flame (65)
Scrolls
 c - 3 scrolls of enchant armour
 g - 6 scrolls of immolation
 h - a scroll of revelation
 i - 3 scrolls of noise
 j - a scroll of poison
 k - a scroll of identify
 n - 2 scrolls of vulnerability
 q - a scroll of silence {unknown}
 t - 9 scrolls of teleportation
 w - a scroll of torment
 z - 3 scrolls of fog
 J - 2 scrolls of summoning
 L - 2 scrolls of amnesia
 M - a scroll of enchant weapon
Potions
 b - 10 potions of curing
 d - 3 potions of might
 e - 3 potions of resistance
 f - 3 potions of brilliance
 r - 2 potions of lignification
 B - a potion of mutation
 D - 3 potions of degeneration
 F - 3 potions of haste
 G - a potion of enlightenment
Miscellaneous
 a - a condenser vane


   Skills:
 + Level 17.4 Fighting
 + Level 11.8(14.7) Axes
 - Level 12.1(13.5) Polearms
 + Level 16.4 Armour
 + Level 16.0 Shields
 + Level 0.9 Evocations


You had 15 spell levels left.
You didn't know any spells.
Your spell library contained the following spells:

 Spells                   Type           Power      Damage    Failure   Level
 Freeze                   Ice            0%         1d3       86%         1
 Necrotise                Necr           0%         1d4       86%         1
 Sandblast                Erth           0%         2d4       86%         1
 Shock                    Conj/Air       0%         1d3       86%         1
 Sublimation of Blood     Necr           0%         N/A       94%         2
 Dazzling Flash           Conj/Hex       0%         N/A       99%         3
 Frozen Ramparts          Ice            0%         1d1       99%         3
 Hailstorm                Conj/Ice       0%         3d5       99%         3
 Mephitic Cloud           Conj/Alch/Air  0%         N/A       99%         3
 Passwall                 Erth           0%         N/A       99%         3
 Sigil of Binding         Hex            0%         N/A       99%         3
 Stone Arrow              Conj/Erth      0%         3d7       99%         3
 Vampiric Draining        Necr           0%         2d6       99%         3
 Volatile Blastmotes      Fire/Tloc      0%         2d10      99%         3
 Brom's Barrelling Bould  Conj/Erth      0%         2d3       100%        4
 Dimensional Bullseye     Hex/Tloc       0%         N/A       100%        4
 Fulminant Prism          Conj/Alch      0%         3d5       100%        4
 Iskenderun's Mystic Bla  Conj/Tloc      0%         2d3       100%        4
 Passage of Golubria      Tloc           0%         N/A       100%        4
 Vhi's Electric Charge    Tloc/Air       0%         N/A       100%        4
 Arcjolt                  Conj/Air       0%         1d10      100%        5
 Borgnjor's Vile Clutch   Necr/Erth      0%         N/A       100%        5
 Curse of Agony           Necr           0%         N/A       100%        5
 Freezing Cloud           Conj/Ice/Air   0%         6-21      100%        5
 Silence                  Hex/Air        0%         N/A       100%        5
 Yara's Violent Unravell  Hex/Alch       0%         3d3       100%        5
 Conjure Ball Lightning   Conj/Air       0%         3x3d6     100%        6
 Discord                  Hex            0%         N/A       100%        8
 Disjunction              Tloc           0%         N/A       100%        8
 Maxwell's Capacitive Co  Air            0%         ∞         100%        8
 Call Canine Familiar     Summ           Unusable   N/A       N/A         3
 Tukima's Dance           Hex            Unusable   N/A       N/A         3
 Martyr's Knell           Necr/Summ      Unusable   N/A       N/A         4
 Summon Lightning Spire   Summ/Air       Unusable   N/A       N/A         4

Dungeon Overview and Level Annotations

Branches:
Dungeon (14/15)            Temple (0/1) D:7            Lair (5/5) D:8
 Shoals (0/4) Lair:2        Snake (2/4) Lair:2        Slime (0/5) Lair:5
    Orc (0/2) D:9          Vaults (0/5) D:14

Altars:
Cheibriados
Dithmenos
Hepliaklqana
Nemelex Xobeh
Okawaru
Ru
Sif Muna
Wu Jian
Xom
Jiyva

Shops:
D:4 *

Annotations:
D:3 2 runed translucent doors, Hopman's ghost, weakling FeIE
Lair:4 3 runed translucent doors, Raneoc's ghost, journeyman MiFi
Lair:5 exclusion: obsidian statue
Snake:2 Aizul


Message History

Unknown command.
You cut the shock serpent into ribbons!!!
You burn the shock serpent!
The shock serpent is almost dead.
The shock serpent's electric aura discharges violently, shocking you!
* * * LOW HITPOINT WARNING * * *
You hear a shout!
Aizul the Neglectful Guardian comes into view.
The shock serpent shoots out a bolt of lightning at you!
The bolt of electricity hits you!
* * * LOW HITPOINT WARNING * * *
The shock serpent shoots out a bolt of lightning at you!
The bolt of electricity hits you!
* * * LOW HITPOINT WARNING * * *
You hear an angry hiss.
Unknown command.
Unknown command.
You feel much better.
The shock serpent bites you but does no damage.
The shock serpent bites you.
* * * LOW HITPOINT WARNING * * *
The shock serpent shocks you!
* * * LOW HITPOINT WARNING * * *
Aizul casts a spell at you. The bolt of poison hits you.
You are lethally poisoned!
You resist.
* * * LOW HITPOINT WARNING * * *
Unknown command.
Unknown command.
Unknown command.
Okay, then.
You feel better. The shock serpent bites you.
* * * LOW HITPOINT WARNING * * *
The shock serpent shocks you!
* * * LOW HITPOINT WARNING * * *
The shock serpent bites you.
* * * LOW HITPOINT WARNING * * *
The shock serpent shocks you!
You die...

.# ##.# #.##..#
.
###.....#####..
......)........
...............
...............
#...........
#.@S......
##S.......
##.......
.......
.......##......
....... .......
....... ?....#
....... #....#
#....#.


You could see Aizul and a shock serpent.

Vanquished Creatures
  Kirke (D:13)
  3 dire elephants (Lair:5)
  Snorg (D:14)
  A fire dragon (D:14)
  Fannar (Lair:3)
  3 vault guards (D:14)
  Erolcha (D:11)
  An alligator (Lair:5)
  6 hydras
  A catoblepas (Lair:2)
  5 centaur warriors
  2 anacondas (Snake:1)
  Erica (D:11)
  4 boulder beetles
  2 two-headed ogres
  A naga warrior (Snake:1)
  5 tengu warriors
  9 death yaks
  A naga sharpshooter (Snake:1)
  Sonja (Lair:4)
  A skyshark (Lair:4)
  A shock serpent (Snake:1)
  A spectral death yak (Lair:5)
  A mana viper (Snake:2)
  3 sea snakes (Snake:1)
  3 naga ritualists
  A spectral anaconda (Lair:5)
  2 arcanists (D:14)
  6 necromancers
  13 ugly things
  A manticore (D:11)
  A cyclops (D:11)
  Maurice (D:7)
  A merfolk siren (Lair:2)
  A black mamba (shapeshifter) (D:9)
  20 elephants
  Joseph (D:7)
  2 naga magi
  14 black mambas
  A gargoyle (D:12)
  13 cane toads
  Maggie (D:6)
  2 kobold demonologists (D:9)
  7 rime drakes
  A dire elephant skeleton (Lair:5)
  11 komodo dragons
  A tengu conjurer (D:13)
  2 polar bears
  2 trolls
  9 dream sheep
  10 blink frogs
  Prince Ribbit (Lair:1)
  2 spectral elephants (Lair:5)
  A spriggan (Lair:5)
  18 slime creatures
  2 shadows
  5 wyverns
  A yak (shapeshifter) (D:14)
  A dire elephant simulacrum (Lair:5)
  2 wraiths
  8 basilisks
  31 yaks
  2 hogs (D:13)
  21 humans
  A death yak simulacrum (Lair:5)
  A steam dragon (D:9)
  6 vampire mosquitoes
  4 spectral cane toads (Lair:5)
  11 nagas
  Duvessa (D:4)
  2 acid dragons
  13 water moccasins
  2 orc warriors
  An ice beast (D:7)
  4 black bears
  2 ogres
  14 centaurs
  9 wolves
  2 elephant skeletons (Lair:5)
  2 phantoms
  A kobold brigand (D:6)
  2 gnoll sergeants
  2 scorpions
  13 bullfrogs
  7 wights
  10 killer bees
  2 elephant simulacra (Lair:5)
  Dowan (D:4)
  3 howler monkeys
  8 electric eels
  A jelly (D:5)
  5 orc priests
  A hound (D:6)
  A sleepcap (D:6)
  A gnoll bouda (D:6)
  3 iguanas
  7 orc wizards
  16 gnolls
  5 adders
  2 white imps (D:6)
  4 ufetubi
  A dart slug (D:3)
  A ribbon worm (D:2)
  18 orcs
  2 bats
  7 endoplasms
  2 giant cockroaches
  3 goblins
  8 hobgoblins
  9 jackals
  3 quokkas
  2 ball pythons
  7 frilled lizards
  12 kobolds
  A rat (D:2)
525 creatures vanquished.

Vanquished Creatures (others)
  An orc wizard (D:7)
1 creature vanquished.

Grand Total: 526 creatures vanquished

Notes
Turn   | Place    | Note
-------+----------+-------------------------------------------
     0 | D:1      | ExZ the Hill Orc Fighter began the quest for the Orb.
     0 | D:1      | Reached XP level 1. HP: 19/19 MP: 1/1
    76 | D:1      | Found a faded altar of an unknown god.
    95 | D:1      | Reached XP level 2. HP: 19/27 MP: 2/2
   305 | D:1      | Reached skill level 4 in Fighting
   339 | D:1      | Reached XP level 3. HP: 33/33 MP: 3/3
  1259 | D:2      | You fall into a shaft and drop 1 floor!
  1276 | D:3      | Reached XP level 4. HP: 40/40 MP: 4/4
  1438 | D:3      | Found a runed translucent door.
  1889 | D:3      | Found a runed translucent door.
  1925 | D:3      | Noticed Hopman's ghost (weakling FeIE)
  2167 | D:4      | Found the +8 trident of the Octopus King {venom, rElec
                  | rPois}
  2208 | D:4      | Noticed an ogre
  2212 | D:4      | Killed an ogre
  2213 | D:4      | Reached XP level 5. HP: 39/47 MP: 5/5
  2259 | D:4      | Found Oqaphuwa's Serpentskin Sales.
  2296 | D:4      | Reached skill level 5 in Fighting
  2697 | D:4      | Noticed Dowan
  2699 | D:4      | Noticed Duvessa
  2702 | D:4      | Killed Dowan
  2703 | D:4      | Reached XP level 6. HP: 48/56 MP: 6/6
  2712 | D:4      | Killed Duvessa
  2713 | D:4      | Reached skill level 5 in Armour
  2713 | D:4      | Reached skill level 5 in Shields
  2928 | D:4      | Found an iron altar of Okawaru.
  2932 | D:4      | Found a hazy altar of Hepliaklqana.
  2935 | D:4      | Found a sparkling altar of Nemelex Xobeh.
  2949 | D:4      | Became a worshipper of Warmaster Okawaru
  2973 | D:5      | Entered Level 5 of the Dungeon
  3052 | D:5      | Reached skill level 6 in Fighting
  3052 | D:5      | Reached XP level 7. HP: 47/63 MP: 7/7
  3175 | D:5      | Found a snail-covered altar of Cheibriados.
  3306 | D:5      | Identified the +0 chain mail of Autotheism {MP+9 Str+5
                  | Int+2}
  3395 | D:5      | Reached * piety under Okawaru
  3396 | D:5      | Reached skill level 1 in Polearms
  3480 | D:5      | Reached XP level 8. HP: 46/71 MP: 8/8
  4073 | D:5      | Found a sacrificial altar of Ru.
  4242 | D:6      | Noticed Jeremiah
  4259 | D:6      | Jeremiah changed into Jeremiah the polar bear
  4259 | D:6      | Noticed Jeremiah
  4267 | D:6      | Jeremiah the polar bear changed into Jeremiah the komodo
                  | dragon
  4267 | D:6      | Noticed Jeremiah
  4697 | D:6      | Reached skill level 7 in Fighting
  4718 | D:6      | HP: 2/73 [Jeremiah the komodo dragon (26)]
  4719 | D:6      | Killed Jeremiah the komodo dragon
  4719 | D:6      | Reached ** piety under Okawaru
  4998 | D:6      | Noticed Maggie
  5128 | D:6      | Killed Maggie
  5242 | D:6      | Reached XP level 9. HP: 81/81 MP: 9/9
  5525 | D:7      | Reached skill level 8 in Fighting
  5529 | D:7      | Noticed Maurice
  5585 | D:6      | Reached *** piety under Okawaru
  5696 | D:7      | Something stole a +5 ring of evasion
  5697 | D:7      | Something stole a +0 buckler
  5708 | D:7      | Something stole a +0 war axe
  5709 | D:7      | Something stole a throwing net
  5848 | D:7      | Found a staircase to the Ecumenical Temple.
  6012 | D:7      | Reached skill level 5 in Polearms
  6045 | D:7      | Something stole a throwing net
  6046 | D:7      | Something stole 441 gold
  6103 | D:7      | Killed Maurice
  6103 | D:7      | Reached **** piety under Okawaru
  6418 | D:7      | Reached skill level 9 in Fighting
  6749 | D:7      | Found a shimmering blue altar of Sif Muna.
  6758 | D:7      | Noticed Joseph
  6766 | D:7      | Killed Joseph
  6767 | D:7      | Reached XP level 10. HP: 84/91 MP: 10/10
  7179 | D:8      | Identified the ring of Buukk {^Drain rF+++ rN+}
  7203 | D:8      | Noticed a centaur warrior
  7211 | D:8      | Killed a centaur warrior
  7211 | D:8      | Reached ***** piety under Okawaru
  7347 | D:8      | Found a staircase to the Lair.
  7630 | D:8      | Found a flagged portal.
  7760 | D:8      | Reached skill level 10 in Fighting
  8487 | D:9      | Received a gift from Okawaru
  8769 | D:9      | Noticed a kobold demonologist
  8777 | D:9      | Killed a kobold demonologist
  8788 | D:9      | Found a staircase to the Orcish Mines.
  8827 | D:9      | Reached XP level 11. HP: 88/101 MP: 11/11
  8893 | D:9      | Noticed a tengu warrior
  8907 | D:9      | Killed a tengu warrior
  8908 | D:9      | Reached skill level 11 in Fighting
  8908 | D:9      | Reached skill level 10 in Armour
  8908 | D:9      | Reached skill level 10 in Shields
  9027 | D:9      | Noticed a tengu warrior
  9040 | D:9      | Killed a tengu warrior
  9052 | D:9      | Got Sif Muna's Opusculum on Darkness and Malisons
  9055 | D:9      | Got the Discourse on Breath
  9066 | D:9      | Identified a scroll of acquirement
  9067 | D:9      | Acquired the amulet "Waf Vemm" {Spirit Regen+ Str+7 Stlth+}
  9160 | D:9      | Noticed a soul eater
  9482 | D:10     | Entered Level 10 of the Dungeon
  9498 | D:10     | Received a gift from Okawaru
  9860 | D:10     | Found a shadowy altar of Dithmenos.
 10137 | D:11     | Noticed a manticore
 10146 | D:11     | Killed a manticore
 10202 | D:11     | Noticed Erica
 10211 | D:11     | Killed Erica
 10405 | D:11     | Noticed a cyclops
 10412 | D:11     | Killed a cyclops
 10412 | D:11     | Received a gift from Okawaru
 10574 | D:11     | Noticed Erolcha
 10648 | Lair:1   | Entered Level 1 of the Lair of Beasts
 10680 | Lair:1   | Noticed Prince Ribbit
 10688 | Lair:1   | Killed Prince Ribbit
 10689 | Lair:1   | Reached skill level 12 in Fighting
 11238 | Lair:1   | Noticed a boulder beetle
 11272 | Lair:1   | Killed a boulder beetle
 11273 | Lair:1   | Reached XP level 12. HP: 112/112 MP: 12/12
 11286 | Lair:1   | Acquired a +3 heavy broad axe
 11355 | Lair:2   | Reached ****** piety under Okawaru
 11489 | Lair:2   | Received a gift from Okawaru
 11531 | Lair:2   | Reached skill level 10 in Polearms
 11696 | Lair:2   | Noticed a catoblepas
 11722 | Lair:2   | Killed a catoblepas
 11790 | Lair:2   | Found a staircase to the Shoals.
 11832 | Lair:2   | Noticed a death yak
 11833 | Lair:2   | Noticed a death yak
 11834 | Lair:2   | Noticed a death yak
 11834 | Lair:2   | Noticed a death yak
 11836 | Lair:2   | Noticed a death yak
 11842 | Lair:2   | Killed a death yak
 11855 | Lair:2   | Killed a death yak
 11870 | Lair:2   | Killed a death yak
 11870 | Lair:2   | Received a gift from Okawaru
 11871 | Lair:2   | Reached skill level 13 in Fighting
 11879 | Lair:2   | Killed a death yak
 11890 | Lair:2   | Killed a death yak
 12197 | Lair:2   | Found a staircase to the Snake Pit.
 12424 | Lair:3   | Noticed a six-headed hydra
 12435 | Lair:3   | Killed a six-headed hydra
 12579 | Lair:3   | Received a gift from Okawaru
 12580 | Lair:3   | Reached XP level 13. HP: 110/122 MP: 10/13
 12923 | Lair:3   | Noticed Fannar
 12936 | Lair:3   | Killed Fannar
 13075 | Lair:3   | Received a gift from Okawaru
 13105 | Lair:3   | Reached skill level 14 in Fighting
 13815 | Lair:4   | Found a runed translucent gate.
 13883 | Lair:4   | Received a gift from Okawaru
 13919 | Lair:4   | Noticed Raneoc's ghost (journeyman MiFi)
 13944 | Lair:4   | Found a runed translucent gate.
 13944 | Lair:4   | Found a runed translucent gate.
 13952 | Lair:4   | Identified the +1 plate armour of the Big Bang {^Contam
                  | Int+5 Dex+4}
 14008 | Lair:4   | Noticed Sonja
 14020 | Lair:4   | Killed Sonja
 14545 | Lair:5   | Entered Level 5 of the Lair of Beasts
 14631 | Lair:5   | Reached XP level 14. HP: 115/133 MP: 11/14
 14674 | Lair:5   | Noticed a dire elephant
 14674 | Lair:5   | Noticed a dire elephant
 14674 | Lair:5   | Noticed a dire elephant
 14675 | Lair:5   | Found the +8 Vampire's Tooth {megavamp}
 14685 | Lair:5   | Killed a dire elephant
 14686 | Lair:5   | Reached skill level 5 in Axes
 14757 | Lair:5   | Received a gift from Okawaru
 14793 | Lair:5   | Reached skill level 15 in Fighting
 14944 | Lair:5   | Identified the +0 ring mail of Bellicose Intercession {Fly
                  | rC- rCorr Int+3}
 15036 | Lair:5   | Found a shimmering altar of Xom.
 15277 | Lair:5   | Received a gift from Okawaru
 15285 | Lair:5   | Found a staircase to the Slime Pits.
 15285 | Lair:5   | Found a viscous altar of Jiyva.
 16032 | Lair:5   | Received a gift from Okawaru
 16081 | Lair:5   | Killed a dire elephant
 16096 | Lair:5   | Killed a dire elephant
 17347 | D:12     | Reached skill level 16 in Fighting
 17698 | D:13     | Noticed Kirke
 17710 | D:13     | Reached XP level 15. HP: 137/144 MP: 11/15
 17721 | D:13     | Killed Kirke
 17915 | D:13     | Received a gift from Okawaru
 17935 | D:13     | Reached skill level 15 in Armour
 18019 | D:13     | Reached skill level 15 in Shields
 18365 | D:14     | Noticed Snorg
 18374 | D:14     | Killed Snorg
 18460 | D:14     | Received a gift from Okawaru
 18461 | D:14     | Reached skill level 10 in Axes
 18750 | D:14     | Found an ornate altar of the Wu Jian Council.
 19115 | D:14     | Found a gate to the Vaults.
 19130 | D:14     | Reached skill level 17 in Fighting
 19211 | D:14     | Acquired a manual of Armour
 19431 | D:11     | Killed Erolcha
 19561 | Snake:1  | Entered Level 1 of the Snake Pit
 19600 | Snake:1  | Received a gift from Okawaru
 20024 | Snake:1  | Reached XP level 16. HP: 155/155 MP: 16/16
 20263 | Snake:1  | Found a shimmering altar of Xom.
 20523 | Snake:2  | Received a gift from Okawaru
 20537 | Snake:2  | Identified the serpent talisman of the Black Moon {rElec
                  | SInv}
 20537 | Snake:2  | Noticed Aizul
 20537 | Snake:2  | HP: 7/155 [shock serpent/bolt of electricity (8)]
 20539 | Snake:2  | Slain by a shock serpent

Illustrated notes

Levels and vault maps discovered:
D:1:      dpeg_arrival_castle, layout_basic, hellmonk_ecumenical_altar_blasted
D:2:      layout_loops_cross, roderic_filled_cross, minmay_misc_feat_alley,
          grunt_decor_resistance, kennysheep_big_empty_room
D:3:      layout_basic, ebering_ghost_sewer_f
D:4:      layout_loops_ring, minmay_overflow_temple_star_quad,
          serial_bayou_pond_d, guppyfry_shop_venom, uniq_duvessa
D:5:      nicolae_cairo_tiling_very_big, layout_basic, mainiacjoe_overflow_swirl
D:6:      layout_gridville, uniq_maggie, uniq_jeremiah
D:7:      layout_loops_corners, led_sif_book, minmay_temple_entry_arrows,
          lightli_ossuary_entry_decrepit_ruins, uniq_joseph, uniq_maurice
D:8:      layout_loops_ring, lair_entry_dummy, enter_bailey_2,
          kennysheep_small_spiral
D:9:      minmay_the_grid_four_pointed_star_mashed
          [minmay_the_grid_triangle_9x9_descending_squares,
          minmay_the_grid_triangle_9x9_zippers_vertical,
          minmay_the_grid_triangle_9x9_limited_checkers,
          minmay_the_grid_triangle_9x9_intruding_spiral,
          minmay_the_grid_prize_diamond_cup], layout_grid_maze,
          chequers_serial_rivers_room_b
D:10:     layout_basic, grunt_dithmenos_shadows
D:11:     layout_irregular_city, uniq_erolcha, uniq_erica
D:12:     layout_grid_maze, hangedman_decor_growths, dreamdust_mushroom_princess
D:13:     layout_rooms, statue_in_the_mist_lemuel, uniq_kirke
D:14:     layout_basic, grunt_vaults_entry_tiered, basic_altar, st_stairs_8,
          uniq_snorg
Lair:1:   layout_regular_city, uniq_prince_ribbit2
Lair:2:   layout_loops_ring, elwin_shoals_entry_rooms,
          nicolae_snake_entry_squirm, beast_lair_carwin_9
Lair:3:   layout_cave_pods, st_stairs_11, beast_lair_carwin_4, uniq_fannar
Lair:4:   layout_roguey, gammafunk_ghost_split, lemuel_fruit_tree, uniq_sonja
Lair:5:   due_jungle_book, layout_hall_layers, slime_entry_1, basic_altar,
          nicolae_quartered_pool_little, serial_bayou_pond_c,
          grunt_forest_large_clearing_hut, serial_bayou_shore_b
Snake:1:  layout_gridlike, basic_altar, nicolae_snake_snake_lake
Snake:2:  layout_layer_cave, serial_shops, shop, uniq_aizul

Skill      XL: |  1  2  3  4  5  6  7  8  9 10 11 12 13 14 15 16 |
---------------+-------------------------------------------------+-----
Axes           | 3 4 8 11 | 11.8
Fighting       | 4 5 6 7 9 10 12 13 14 16 17 | 17.4
Armour         | 4 5 6 7 8 9 11 12 13 14 16 | 16.4
Shields        | 4 5 6 7 8 9 11 12 13 14 15 16 | 16.0
Polearms       | 2 4 6 7 9 11 12 | 12.1
Evocations     | |  0.9

Action                     |  1- 3 |  4- 6 |  7- 9 | 10-12 | 13-15 | 16-18 || total
---------------------------+-------+-------+-------+-------+-------+-------++-------
  Melee: War axe           |   100 |    18 |       |       |       |       ||   118
         Trident           |       |    41 |   198 |   564 |  1163 |       ||  1966
         Broad axe         |       |       |       |       |   128 |    45 ||   173
 Invoke: Heroism           |       |       |       |       |     1 |     1 ||     2
  Evoke: Wand              |       |       |     5 |     2 |     3 |       ||    10
         Condenser vane    |       |       |       |       |     1 |       ||     1
    Use: Potion            |       |     3 |     2 |       |     4 |     4 ||    13
         Scroll            |       |       |     8 |    14 |    12 |     3 ||    37
 Armour: Scale mail        |    76 |       |       |       |       |       ||    76
         Plate armour      |     3 |    47 |    89 |   338 |   760 |    57 ||  1294
         Chain mail        |       |       |   106 |       |       |       ||   106
  Dodge: Dodged            |    51 |    10 |    59 |   179 |   434 |    20 ||   753
  Block: Buckler           |    22 |    10 |    12 |       |       |       ||    44
         Kite shield       |       |       |    75 |   305 |   683 |    48 ||  1111
         Reflection        |       |       |     8 |     9 |       |       ||    17
